 Dungeon Crawl Stone Soup version 0.19.0-24-gb05acd6 (webtiles) character file.

10870 InterDimensionalOwl the Cleaver (level 11, -7/102 HPs)
             Began as a Hill Orc Berserker on Nov 20, 2016.
             Was a High Priest of Trog.
             Killed from afar by an electric eel (8 damage)
             ... with a bolt of electricity
             ... on level 10 of the Dungeon on Nov 22, 2016.
             The game lasted 01:12:08 (10743 turns).

InterDimensionalOwl the Cleaver (HOBe)             Turns: 10743, Time: 01:12:08

Health: -7/102     AC: 20    Str: 27    XL:     11   Next: 68%
Magic:  13/13      EV: 10    Int:  7    God:    Trog [*****.]
Gold:   628        SH:  0    Dex: 13    Spells: 0 memorised, 10 levels left

rFire  . . .     SeeInvis .     a - +1 war axe
rCold  + . .     Gourm    .     h - +1 plate armour
rNeg   . . .     Faith    .     (no shield)
rPois  .         Spirit   .     k - +0 helmet
rElec  .         Reflect  .     y - +0 cloak
rCorr  .         Harm     .     n - +0 pair of gloves
MR     .....                    w - +0 pair of boots
Stlth  ..........               (no amulet)
                                x - +6 ring of strength
                                e - ring of protection from cold

@: flying
A: no striking features
a: Berserk, Trog's Hand, Brothers in Arms, Burn Spellbooks, Renounce Religion


You were on level 10 of the Dungeon.
You worshipped Trog.
Trog was extremely pleased with you.
You were not hungry.

You visited 3 branches of the dungeon, and saw 13 of its levels.

You collected 628 gold pieces.

Inventory:

Hand Weapons
 a - a +1 war axe (weapon)
 b - a +0 hunting sling
 U - a +2 shortbow of freezing
Missiles
 g - 6 javelins of penetration
 j - 17 poisoned needles
 J - 7 tomahawks (quivered)
Armour
 h - a +1 plate armour (worn)
 k - a +0 helmet (worn)
 n - a +0 pair of gloves (worn)
 w - a +0 pair of boots (worn)
 y - a +0 cloak (worn)
 I - a +0 scale mail of fire resistance
Jewellery
 e - a ring of protection from cold (left hand)
 x - a +6 ring of strength (right hand)
 A - an uncursed ring of magical power
 F - an uncursed ring of flight
Wands
 c - a wand of iceblast (8/15)
 f - a wand of paralysis (12/24)
 o - a wand of enslavement (17/24)
 q - a wand of flame (41/48)
 B - a wand of iceblast (9/15)
 G - a wand of random effects (29/48)
 P - a wand of flame (16/48)
 R - a wand of paralysis (16/24)
Scrolls
 r - a scroll of enchant weapon
 s - a scroll of blinking {unknown}
 t - 2 scrolls of recharging {unknown}
 u - a scroll of acquirement {unknown}
 C - a scroll of amnesia {unknown}
 H - 5 scrolls of remove curse
Potions
 d - a potion of mutation {unknown}
 l - a potion of lignification {unknown}
 p - a potion of magic {unknown}
 K - 2 potions of curing
 L - a potion of beneficial mutation {unknown}
 N - a potion of berserk rage {unknown}
Comestibles
 i - 8 meat rations
 m - 3 slices of pizza
 v - 3 beef jerkies
 z - 6 bread rations
 E - 4 royal jellies


   Skills:
 - Level 11.2 Fighting
 + Level 14.3 Axes
 - Level 4.0 Throwing
 + Level 8.5 Armour
 - Level 5.1 Dodging
 + Level 3.7 Evocations


You had 10 spell levels left.
You didn't know any spells.

Dungeon Overview and Level Annotations

Branches:
Dungeon (11/15)            Temple (1/1) D:5            Lair (1/6) D:10
    Orc (0/2) D:10

Altars:
Ashenzari
Cheibriados
Dithmenos
Elyvilon
Fedhas
Gozag
Hepliaklqana
Kikubaaqudgha
Makhleb
Nemelex Xobeh
Okawaru
Qazlal
Ru
Sif Muna
Trog
Uskayaw
Vehumet
Xom
Yredelemnul
Zin
The Shining One

Shops:
D:5 [


Message History

You hit the electric eel but do no damage.
The electric eel is heavily wounded.
You hit the electric eel.
The electric eel is severely wounded.
The electric eel shoots out a bolt of lightning at you!
The bolt of electricity hits you!
* * * LOW HITPOINT WARNING * * *
The bolt of electricity hits you!
You barely miss the electric eel.
The electric eel is severely wounded.
The electric eel shoots out a bolt of lightning at you!
The bolt of electricity hits you!
* * * LOW HITPOINT WARNING * * *
The bolt of electricity hits you!
* * * LOW HITPOINT WARNING * * *
You barely miss the electric eel.
The electric eel is severely wounded.
The electric eel shoots out a bolt of lightning at you!
The bolt of electricity hits you!
You die...

#.#. #.#≈≈...≈≈# #.#.
#.#≈≈≈)≈≈≈# #.#.
#.####.####
#.#.#############..###.#
..#................##..#
..#..#############.##.##
.<#..#######.....#....#
.##..#........≈.≈...###
.#≈≈≈≈.....≈≈≈≈†@≈≈..#
≈≈...≈≈≈≈≈...≈≈;......#
####...≈≈≈≈≈≈≈≈≈≈≈≈≈≈≈#
............≈≈≈≈≈.≈..≈≈≈
#####....≈.≈...≈.!..####
#.....≈≈≈≈≈....##
####........####
##...###


You could see an electric eel.

Vanquished Creatures
  2 hill giants (D:10)
  Pikel (D:6)
  2 cyclopes
  Maurice (D:9)
  2 polar bears (D:10)
  The ghost of asdu the Ruffian, an amateur MiEn (D:6)
  A hornet (D:9)
  A wyvern (D:8)
  10 yaks
  A hungry ghost (D:7)
  Edmund (D:5)
  A water moccasin (D:10)
  Duvessa (D:5)
  2 hell hounds (D:10)
  A black bear (D:7)
  2 phantoms
  5 ogres
  3 sky beasts
  4 slaves (D:6)
  5 ice beasts
  5 orc warriors
  3 centaurs
  Blork the orc (D:6)
  2 bullfrogs
  3 scorpions
  9 killer bees
  Dowan (D:5)
  15 wights
  An electric eel (D:10)
  A howler monkey (D:6)
  4 crimson imps
  7 hounds
  3 jellies
  8 orc priests
  13 orc wizards
  Crazy Yiuf (D:3)
  9 worker ants
  A killer bee zombie (D:10)
  2 howler monkey skeletons
  Robin (D:2)
  3 gnolls (D:4)
  12 adders
  A shadow imp (D:7)
  A white imp (D:10)
  An ufetubus (D:10)
  3 oozes
  3 adder skeletons
  4 dart slugs
  5 leopard geckos
  49 orcs
  13 bats
  5 giant cockroaches
  17 goblins
  8 hobgoblins
  12 jackals
  7 kobolds
  4 quokkas
  3 frilled lizards
  A jackal zombie (D:6)
  A leopard gecko skeleton (D:4)
  4 rats
  A withered plant (D:3)
295 creatures vanquished.

Vanquished Creatures (collateral kills)
  3 wights (D:8)
  A giant cockroach (D:8)
4 creatures vanquished.

Vanquished Creatures (others)
  A troll (D:9)
  A scorpion (D:9)
  2 orc wizards (D:9)
  A worker ant (D:9)
  2 orcs (D:9)
  A quokka (D:9)
8 creatures vanquished.

Grand Total: 307 creatures vanquished

Notes
Turn   | Place    | Note
-------+----------+-------------------------------------------
     0 | D:1      | InterDimensionalOwl the Hill Orc Berserker began the quest for the Orb.
     0 | D:1      | Reached XP level 1. HP: 19/19 MP: 1/1
    67 | D:1      | Reached XP level 2. HP: 20/27 MP: 2/2
   313 | D:1      | Reached XP level 3. HP: 32/33 MP: 3/3
   395 | D:2      | Noticed Robin
   433 | D:1      | Reached skill level 5 in Axes
   739 | D:1      | Reached ** piety under Trog
   972 | D:1      | Reached XP level 4. HP: 21/41 MP: 4/4
  1460 | D:2      | Killed Robin
  1756 | D:2      | Reached XP level 5. HP: 46/47 MP: 5/5
  1787 | D:2      | Reached skill level 6 in Axes
  2219 | D:3      | Found an ancient bone altar of Kikubaaqudgha.
  2727 | D:3      | Found a runed door.
  2731 | D:3      | Noticed Crazy Yiuf
  2737 | D:3      | Killed Crazy Yiuf
  3218 | D:4      | Reached *** piety under Trog
  3218 | D:4      | Reached XP level 6. HP: 52/53 MP: 6/6
  3237 | D:4      | Reached skill level 5 in Fighting
  3237 | D:4      | Reached skill level 7 in Axes
  3428 | D:4      | Reached skill level 8 in Axes
  3463 | D:4      | Reached XP level 7. HP: 37/61 MP: 7/7
  3808 | D:4      | Reached skill level 9 in Axes
  4438 | D:5      | Entered Level 5 of the Dungeon
  4514 | D:5      | Found Istruhues's Armour Shop.
  4538 | D:5      | Noticed Dowan
  4547 | D:5      | Killed Dowan
  4547 | D:5      | Reached XP level 8. HP: 71/71 MP: 8/8
  4575 | D:5      | Reached skill level 1 in Throwing
  4627 | D:5      | Noticed Duvessa
  4638 | D:5      | Killed Duvessa
  4700 | D:5      | Noticed Edmund
  4713 | D:5      | Reached **** piety under Trog
  4729 | D:5      | Killed Edmund
  4729 | D:5      | Reached skill level 10 in Axes
  4852 | D:5      | Reached skill level 5 in Armour
  5068 | D:5      | Found a staircase to the Ecumenical Temple.
  5074 | Temple   | Entered the Ecumenical Temple
  5268 | D:6      | Noticed asdu's ghost (amateur MiEn)
  5286 | D:6      | Killed asdu's ghost
  5286 | D:6      | Reached XP level 9. HP: 80/80 MP: 9/9
  5337 | D:6      | Found a white marble altar of Elyvilon.
  5358 | D:6      | Received a gift from Trog
  5932 | D:6      | Noticed Blork the orc
  5940 | D:6      | Killed Blork the orc
  5978 | D:6      | Found a shattered altar of Ashenzari.
  6027 | D:6      | Noticed Pikel
  6072 | D:6      | Killed Pikel
  6072 | D:6      | Reached skill level 11 in Axes
  6388 | D:6      | Found a bloodstained altar of Trog.
  6837 | D:7      | Reached XP level 10. HP: 83/91 MP: 10/10
  6875 | D:7      | Reached ***** piety under Trog
  7058 | D:8      | Reached skill level 12 in Axes
  7069 | D:8      | Found a blossoming altar of Fedhas.
  7261 | D:8      | Reached skill level 10 in Fighting
  8001 | D:9      | Found a shimmering altar of Xom.
  8087 | D:9      | Received a gift from Trog
  8088 | D:9      | Noticed a cyclops
  8108 | D:9      | Reached skill level 13 in Axes
  8118 | D:9      | Killed a cyclops
  8226 | D:9      | Noticed Maurice
  8250 | D:9      | Killed Maurice
  8250 | D:9      | Reached XP level 11. HP: 66/102 MP: 11/11
  8429 | D:9      | Reached skill level 5 in Dodging
  9125 | D:10     | Entered Level 10 of the Dungeon
  9219 | D:10     | Found a staircase to the Orcish Mines.
  9379 | D:10     | Reached skill level 1 in Evocations
  9463 | D:10     | Noticed a hill giant
  9472 | D:10     | Killed a hill giant
  9696 | D:10     | Noticed a cyclops
  9709 | D:10     | Killed a cyclops
  9711 | D:10     | Found a bloodstained altar of Trog.
  9774 | D:10     | Reached skill level 14 in Axes
  9983 | D:10     | Found a staircase to the Lair.
 10175 | Lair:1   | Entered Level 1 of the Lair of Beasts
 10422 | D:10     | Noticed a hill giant
 10435 | D:10     | Killed a hill giant
 10734 | D:10     | HP: 5/102 [electric eel/bolt of electricity (3)]
 10742 | D:10     | HP: 1/102 [electric eel/bolt of electricity (7)]
 10743 | D:10     | Killed from afar by an electric eel

Skill      XL: |  1  2  3  4  5  6  7  8  9 10 11 |
---------------+----------------------------------+-----
Fighting       | 4 5 6 7 9 11 | 11.2
Axes           | 5 6 8 9 10 11 13 14 | 14.3
Armour         | 3 4 5 7 8 |  8.5
Throwing       | 3 4 |  4.0
Dodging        | 2 4 5 |  5.1
Evocations     | 3 |  3.7

Action                   |  1- 3 |  4- 6 |  7- 9 | 10-12 || total
-------------------------+-------+-------+-------+-------++-------
Melee: Hand axe          |   112 |   103 |       |       ||   215
       War axe           |       |   110 |   421 |   499 ||  1030
Throw: Stone             |    30 |    23 |    10 |       ||    63
       Tomahawk          |       |       |     6 |    24 ||    30
       Javelin           |       |       |       |     1 ||     1
Invok: Berserk           |     2 |     2 |     2 |     3 ||     9
       Brothers in Arms  |       |       |       |     1 ||     1
       Burn Spellbooks   |       |       |       |     1 ||     1
  Use: Scroll            |       |     6 |     8 |     6 ||    20
       Potion            |       |       |     1 |     4 ||     5
 Stab: Sleeping          |     1 |       |       |       ||     1
  Eat: Chunk             |     1 |     5 |    13 |    11 ||    30
       Bread ration      |       |     1 |       |       ||     1
       Fruit             |       |     2 |     2 |     4 ||     8
       Pizza             |       |       |     1 |       ||     1
       Beef jerky        |       |       |       |     1 ||     1
Armor: Animal skin       |    29 |    16 |       |       ||    45
       Leather armour    |       |    21 |       |       ||    21
       Ring mail         |       |    23 |    44 |       ||    67
       Plate armour      |       |       |   200 |   302 ||   502
Dodge: Dodged            |   100 |   142 |   113 |   202 ||   557
